 Dungeon Crawl Stone Soup version 0.23-a0-143-g1adec7bb76 (webtiles) character file.

798 MirrMurr the Poker (level 7, -2/73 HPs)
             Began as an Octopode Berserker on Sept 5, 2018.
             Was a Priest of Trog.
             Killed from afar by a steam dragon (19 damage)
             ... with a ball of steam
             ... on level 5 of the Dungeon.
             The game lasted 00:12:02 (3982 turns).

MirrMurr the Poker (Octopode Berserker)             Turns: 3982, Time: 00:12:03

Health: -2/73      AC:  1    Str: 26    XL:     7   Next: 90%
Magic:  7/7        EV: 15    Int:  9    God:    Trog [***...]
Gold:   115        SH:  0    Dex: 14    Spells: 6/6 levels left

rFire    . . .     SeeInvis .   a - +0 spear
rCold    . . .     Gourm    .   (no shield)
rNeg     . . .     Faith    .   (helmet restricted)
rPois    .         Spirit   .   (no amulet)
rElec    .         Reflect  .   v - +5 ring of strength
rCorr    .         Harm     .   (no ring)
MR       .....                  (no ring)
Stlth    ..........             (no ring)
HPRegen  0.22/turn              (no ring)
MPRegen  0.10/turn              (no ring)
                                (no ring)
                                (no ring)

@: berserking, very quick
A: almost no armour, stealthy swim, amphibious, 8 rings, constrict 8, camouflage
1, gelatinous body 1
a: Berserk, Trog's Hand, Renounce Religion


You were on level 5 of the Dungeon.
You worshipped Trog.
Trog was most pleased with you.
You were very hungry.

You visited 2 branches of the dungeon, and saw 6 of its levels.

You collected 280 gold pieces.
You spent 165 gold pieces at shops.

Inventory:

Hand Weapons
 a - a +0 spear (weapon)
 b - a +0 fustibalus
 f - a +0 hunting sling
 h - the +9 scimitar of Toomaigi {flame, +Inv rPois MR+, unknown}
   (You found it on level 4 of the Dungeon)

   It has been specially enchanted to burn those struck by it, causing extra
   injury to most foes and up to half again as much damage against particularly
   susceptible opponents.
   Big, fiery blades are also staple armaments of hydra-hunters.
   It protects you from poison.
   It affects your resistance to hostile enchantments.
   It lets you turn invisible.
Missiles
 g - 103 sling bullets
 i - 56 stones (quivered)
 m - 12 poisoned needles
 o - 5 needles of confusion
Jewellery
 v - a +5 ring of strength (left tentacle)
Wands
 q - a wand of iceblast (11)
Scrolls
 e - a scroll of immolation
 p - a scroll of blinking
 r - a scroll of remove curse
 w - a scroll of teleportation
 x - a scroll of identify
 y - a scroll of summoning {unknown}
Potions
 c - a potion of might
 d - a potion of resistance
 j - 2 potions of flight
 k - a potion of ambrosia
 l - 2 potions of curing
 n - a potion of haste {unknown}
 s - a potion of lignification {unknown}
 t - 3 potions of brilliance
 z - a potion of magic {unknown}
Comestibles
 u - 15 rations


   Skills:
 + Level 4.7 Fighting
 * Level 6.1 Polearms
 + Level 1.0 Slings
 + Level 4.8 Dodging
 + Level 5.0 Stealth


You had 6 spell levels left.
You didn't know any spells.
Your spell library was empty.

Dungeon Overview and Level Annotations

Branches:
Dungeon (5/15)             Temple (1/1) D:4

Altars:
Ashenzari
Cheibriados
Dithmenos
Elyvilon
Gozag
Nemelex Xobeh
Okawaru
Qazlal
Ru
Uskayaw
Wu Jian
Yredelemnul
Zin

Shops:
D:5 [[?


Innate Abilities, Weirdness & Mutations

You cannot wear most types of armour.
You are very stealthy in the water. (Stealth+)
You are amphibious.
You can wear up to eight rings at the same time.
You can use your tentacles to constrict eight enemies at once.
Your skin changes colour to match your surroundings (Stealth+).
Your rubbery body absorbs attacks. (AC +1, EV +1)


Message History

Aim: a steam dragon (catching its breath)
You reach to attack!
You hit the steam dragon but do no damage.
You are engulfed in a cloud of scalding steam.
Attack whom?
Press: ? - help, Dir - move target cursor, f/p - steam dragon
Aim: a steam dragon (catching its breath)
You reach to attack!
You hit the steam dragon but do no damage.
You are engulfed in a cloud of scalding steam.
You are too injured to fight recklessly!
You are too injured to fight recklessly!
A red film seems to cover your vision as you go berserk!
You feel yourself moving faster!
You feel mighty!
You are feeling very hungry.
You are engulfed in a cloud of scalding steam.
* * * LOW HITPOINT WARNING * * *
The steam dragon breathes steam at you. The ball of steam hits you!
You die...

#.## #..# #.# #..# ...#
#.# #..# ...# #.. #..#
...# #.. #..# ...# ##.
#..## ...# #. ##...# ...#
#..#####....# ### ...#
#..D@.......## ##.. ...###
##.>...<.....## ##..#
.....##
##...........###..##
.....)####
##########.......#
####.[..(#### ##.......# #
####.....#### ###........#
#
###..<...######.........##
##....................# #
###..................#


You could see a steam dragon.

Vanquished Creatures
  An orc warrior (D:5)
  An ogre (D:5)
  A bullfrog (D:4)
  A scorpion (D:4)
  A howler monkey (D:5)
  A crimson imp (D:5)
  2 orc priests (D:5)
  2 hounds (D:5)
  3 worker ants (D:4)
  A hound skeleton (D:5)
  Robin (D:4)
  5 gnolls
  A howler monkey skeleton (D:4)
  5 adders
  A shadow imp (D:5)
  4 worms
  4 dart slugs
  3 leopard geckos
  6 orcs
  A giant cockroach (D:3)
  13 goblins
  11 hobgoblins
  4 quokkas
  A ball python (D:3)
  7 bats
  8 frilled lizards
  A jackal skeleton (D:4)
  7 kobolds
  A leopard gecko zombie (D:5)
  10 rats
108 creatures vanquished.

Notes
Turn   | Place    | Note
-------+----------+-------------------------------------------
     0 | D:1      | MirrMurr the Octopode Berserker began the quest for the
                  | Orb.
     0 | D:1      | Reached XP level 1. HP: 16/16 MP: 1/1
   221 | D:1      | Reached XP level 2. HP: 21/21 MP: 2/2
   265 | D:1      | Reached skill level 1 in Stealth
   383 | D:1      | Reached XP level 3. HP: 22/26 MP: 3/3
   869 | D:2      | Found a basalt altar of Yredelemnul.
   869 | D:2      | Found an iron altar of Okawaru.
   908 | D:2      | Reached XP level 4. HP: 30/31 MP: 4/4
   911 | D:2      | Reached ** piety under Trog
  1144 | D:2      | Found a snail-covered altar of Cheibriados.
  1165 | D:2      | Reached skill level 4 in Polearms
  1381 | D:2      | Found a sparkling altar of Nemelex Xobeh.
  1451 | D:2      | Reached XP level 5. HP: 36/36 MP: 5/5
  1502 | D:2      | Found a hide-covered altar of Uskayaw.
  2174 | D:3      | Reached *** piety under Trog
  2299 | D:4      | Found an opulent altar of Gozag.
  2446 | D:4      | Reached XP level 6. HP: 28/43 MP: 6/6
  2644 | D:4      | Noticed Robin
  2754 | D:4      | Killed Robin
  2754 | D:4      | Reached skill level 5 in Polearms
  2859 | D:4      | Found a staircase to the Ecumenical Temple.
  2866 | Temple   | Entered the Ecumenical Temple
  3099 | D:5      | Entered Level 5 of the Dungeon
  3139 | D:5      | Found Ychuisch's Magic Scroll Emporium.
  3153 | D:5      | Reached XP level 7. HP: 48/48 MP: 7/7
  3154 | D:5      | Found Ahoacay's Armour Boutique.
  3331 | D:5      | Bought a scroll of blinking for 75 gold pieces
  3331 | D:5      | Bought a scroll of remove curse for 30 gold pieces
  3331 | D:5      | Bought 3 scrolls of identify for 60 gold pieces
  3368 | D:5      | Found a sacrificial altar of Ru.
  3408 | D:5      | Found Agawuedgh's Antique Armour Boutique.
  3634 | D:5      | Found a shadowy altar of Dithmenos.
  3671 | D:5      | Reached skill level 6 in Polearms
  3671 | D:5      | Reached skill level 5 in Stealth
  3672 | D:5      | Reached skill level 1 in Slings
  3893 | D:4      | Got a shimmering scimitar
  3973 | D:5      | Noticed a steam dragon
  3982 | D:5      | Killed from afar by a steam dragon

Vault maps used:
D:1:      dpeg_arrival_long_road
D:2:      nemelex_altar_shiori, eat_drink_and_be_merry_uskayaw,
          cheibriados_altar_1, chequers_temple_overflow_statue_of_worship,
          hangedman_abyss_or_decor_lesser_grid
D:3:      first_ration, grunt_ministairs_6, kennysheep_small_spiral
D:4:      nicolae_gozag_seed_capital, temple_green, uniq_robin
D:5:      lemuel_crystal_altar, lemuel_doored_altar, serial_shops,
          shop_fountains, shop, kennysheep_mini_moat,
          grunt_dithmenos_smoke_and_mirrors
Temple:   compressed_dpeg_triangle_lava_temple

Skill      XL: |  1  2  3  4  5  6  7 |
---------------+----------------------+-----
Stealth        | 1 2 3 4 5 |  5.0
Polearms       | 4 5 6 |  6.1
Fighting       | 4 |  4.7
Dodging        | 4 |  4.8
Slings         | 1 |  1.0

Action                   |  1- 3 |  4- 6 |  7- 9 || total
-------------------------+-------+-------+-------++-------
Melee: Spear             |    63 |   178 |    48 ||   289
       Constrict         |    15 |    29 |     9 ||    53
       Tentacles         |     9 |    33 |    10 ||    52
 Fire: Fustibalus        |       |       |    11 ||    11
Invok: Berserk           |       |     3 |     2 ||     5
       Trog's Hand       |       |     1 |       ||     1
  Use: Scroll            |     6 |    10 |     2 ||    18
 Stab: Sleeping          |     7 |    14 |     2 ||    23
       Distracted        |     1 |     1 |       ||     2
  Eat: Chunk             |       |    11 |     3 ||    14
Armor: Skin              |     3 |     4 |     1 ||     8
Dodge: Dodged            |    26 |    61 |    20 ||   107

Table legend:
 A = Non-vault XP
 B = Vault XP
 C = Vault XP percentage of total XP
 D = Non-vault monster count
 E = Vault monster count
 F = Vault count percentage of total count
                 A         B        C        D         E       F
            +---------+---------+-------+---------+---------+-------
      Total |    1100 |      41 |   3.6 |      94 |      14 |  13.0
            +---------+---------+-------+---------+---------+-------
        D:1 |      42 |       0 |   0.0 |      20 |       0 |   0.0
        D:2 |     139 |       0 |   0.0 |      27 |       0 |   0.0
        D:3 |      43 |       6 |  12.2 |      21 |       3 |  12.5
        D:4 |     308 |      35 |  10.2 |      12 |      11 |  47.8
        D:5 |     568 |       0 |   0.0 |      14 |       0 |   0.0
            +---------+---------+-------+---------+---------+-------
